 Dungeon Crawl Stone Soup version 0.19.1 (webtiles) character file.

12828 ChaseSP the Cleaver (level 11, -1/92 HPs)
             Began as a Deep Dwarf Fighter on Nov 25, 2016.
             Was a Priest of Makhleb.
             Slain by a centaur
             ... wielding a +0 whip of electrocution
              (13 damage)
             ... on level 2 of the Lair of Beasts.
             The game lasted 00:24:36 (7957 turns).

ChaseSP the Cleaver (Deep Dwarf Fighter)            Turns: 7957, Time: 00:24:36

Health: -1/92      AC: 19    Str: 21    XL:     11   Next: 67%
Magic:  14/14      EV:  6    Int:  7    God:    Makhleb [***...]
Gold:   266        SH:  9    Dex: 13    Spells: 0 memorised, 10 levels left

rFire  . . .     SeeInvis .     a - +1 war axe
rCold  . . .     Gourm    .     H - +0 plate armour
rNeg   . . .     Faith    .     c - +0 shield
rPois  .         Spirit   .     g - +1 helmet
rElec  .         Reflect  .     (no cloak)
rCorr  .         Harm     .     (no gloves)
MR     ++...     Rnd*Rage +     (no boots)
Stlth  ..........               G - necklace of Bloodlust {*Rage +Rage MR+ Int-3 Slay+3 *Curse}
                                B - +2 ring of evasion
                                I - +3 ring of protection

@: non-regenerating
A: damage resistance, recharge devices, sense surroundings 2, slow regeneration
3
a: Device Recharging, Minor Destruction, Lesser Servant of Makhleb, Renounce
Religion, Evoke Berserk Rage


You were on level 2 of the Lair of Beasts.
You worshipped Makhleb.
Makhleb was most pleased with you.
You were not hungry.

You visited 3 branches of the dungeon, and saw 12 of its levels.

You collected 570 gold pieces.
You spent 304 gold pieces at shops.

Inventory:

Hand Weapons
 a - a +1 war axe (weapon)
 b - a +0 hunting sling
 u - a +6 vampiric executioner's axe
 E - a +0 flail of crushing
Missiles
 x - 149 stones (quivered)
 z - 77 sling bullets
 C - 7 curare-tipped needles
Armour
 c - a +0 shield (worn)
 g - a +1 helmet (worn)
 H - a +0 plate armour (worn)
 T - the +2 helmet "Eriqit" {rF+ rN+ Str+2 Slay-2}
   (You bought it in a shop on level 6 of the Dungeon)

   It affects your strength (+2).
   It affects your accuracy and damage with ranged weapons and melee attacks
   (-2).
   It protects you from fire.
   It protects you from negative energy.
Jewellery
 n - an uncursed ring of wizardry
 q - an uncursed ring of fire
 t - an uncursed ring of magical power
 y - an uncursed amulet of rage
 B - a +2 ring of evasion (right hand)
 G - the necklace of Bloodlust (around neck) {*Rage +Rage MR+ Int-3 Slay+3 *Curse}
   (You found it on level 8 of the Dungeon)

   [amulet of rage]

   It affects your intelligence (-3).
   It affects your accuracy and damage with ranged weapons and melee attacks
   (+3).
   It affects your resistance to hostile enchantments.
   It lets you go berserk.
   It may make you go berserk in combat.
   It may re-curse itself when equipped.
 I - a +3 ring of protection (left hand)
 P - an uncursed ring of flight
Wands
 e - a wand of heal wounds (3/9)
 l - a wand of lightning (9/15)
 D - a wand of confusion (24/48)
 U - a wand of slowing (23/48)
Scrolls
 h - 4 scrolls of teleportation
 o - 3 scrolls of remove curse
 w - 2 scrolls of enchant weapon
 O - a scroll of fog
 Q - 6 scrolls of identify
Potions
 d - 2 potions of lignification
 i - a potion of cure mutation {unknown}
 k - 4 potions of curing
 r - a potion of flight
 s - a potion of beneficial mutation {unknown}
 A - a potion of agility
 J - 2 potions of heal wounds {unknown}
 L - a potion of mutation
 M - a potion of haste {unknown}
 R - a potion of cancellation {unknown}
 S - a potion of brilliance {unknown}
Books
 N - a book of Callings

   Spells                             Type                      Level
   a - Summon Small Mammal            Summoning                    1
   b - Call Imp                       Summoning                    2
   c - Call Canine Familiar           Summoning                    3
   d - Summon Guardian Golem          Hexes/Summoning              3
   e - Summon Lightning Spire         Summoning/Air                4
   f - Summon Ice Beast               Ice/Summoning                4
Comestibles
 f - 10 bread rations
 j - 2 royal jellies
 m - 10 chunks of flesh
 p - 4 meat rations
 v - 24 fruits
 F - a slice of pizza
 K - 7 beef jerkies


   Skills:
 + Level 4.1 Fighting
 * Level 14.7 Axes
 + Level 0.0 Slings
 * Level 8.8 Armour
 - Level 3.2 Shields
 + Level 10.7 Invocations
 - Level 6.5 Evocations


You had 10 spell levels left.
You didn't know any spells.

Dungeon Overview and Level Annotations

Branches:
Dungeon (9/15)             Temple (1/1) D:4            Lair (2/6) D:8
  Snake (0/4) Lair:2
  Swamp: Lair:2-4    Shoals: Lair:2-4       Orc: D:9-12

Altars:
Ashenzari
Dithmenos
Elyvilon
Fedhas
Gozag
Kikubaaqudgha
Makhleb
Okawaru
Qazlal
Sif Muna
Trog
Vehumet
Xom
Zin
The Shining One

Shops:
D:6 [


Innate Abilities, Weirdness & Mutations

You are resistant to damage.
You can recharge devices by infusing magical energy.
You passively map the area around you.
You do not regenerate.


Message History

Unknown command.
You are too injured to fight recklessly!
You are too injured to fight recklessly!
You are too injured to fight recklessly!
Your shield and plate armour prevent you from hitting the centaur.
The centaur hits you but does no damage.
The centaur shoots an arrow.
The arrow hits you but does no damage.
You slash the centaur!
The centaur is severely wounded.
The centaur hits you but does no damage.
You are electrocuted!
* * * LOW HITPOINT WARNING * * *
The centaur shoots an arrow.
The arrow hits you but does no damage.
Unknown command.
Your plate armour prevents you from hitting the centaur.
The centaur is severely wounded.
You block the centaur's attack.
The centaur hits you but does no damage.
You are electrocuted!
You die...

...............#....... , ,
,* ..............##P....... ,
* ..........((..........PP ,,
........................ ,, ,
, ..#..###......##........,
.............(##P....... ,, ,
..#.....#.....(#........,
P.##...........(........ , ,
#**#...#........@..c....,****
, * #....#.....$...c......, *
*, ,
##....................,** *
,.#....##.......... *
.............#.#### ,,
,...........### *, ,,..
..^....# * , ,, ......### , *


You could see 2 centaurs.

Vanquished Creatures
  A death yak (D:8)
  Pikel (D:4)
  A black mamba (Lair:2)
  Maurice (D:8)
  A rime drake (Lair:1)
  8 spiny frogs
  6 hippogriffs
  Sigmund (D:2)
  21 yaks
  Eustachio (D:4)
  3 nagas (Lair:2)
  Purgy (D:4)
  5 porcupines
  3 orc warriors
  2 slaves (D:4)
  A black bear (Lair:1)
  A phantom (D:4)
  A necrophage (D:6)
  3 ogres
  A centaur (D:6)
  2 crocodiles (Lair:1)
  6 bullfrogs
  2 scorpions
  A vampire bat (D:7)
  2 crimson imps
  2 howler monkeys
  A bullfrog zombie (D:8)
  4 hounds
  6 orc priests
  2 jellies (D:8)
  11 orc wizards
  Robin (D:4)
  3 gnolls (D:8)
  6 adders
  A shadow imp (D:6)
  2 adder skeletons
  6 worms
  3 dart slugs
  4 leopard geckos
  33 orcs
  4 giant cockroaches
  16 goblins
  10 hobgoblins
  7 jackals
  2 quokkas
  15 bats
  3 frilled lizards
  10 kobolds
  8 rats
236 creatures vanquished.

Vanquished Creatures (others)
  Erica (D:8)
  2 orcs (D:4)
  A fungus (Lair:1)
4 creatures vanquished.

Grand Total: 240 creatures vanquished

Notes
Turn   | Place    | Note
-------+----------+-------------------------------------------
     0 | D:1      | ChaseSP the Deep Dwarf Fighter began the quest for the Orb.
     0 | D:1      | Reached XP level 1. HP: 20/20 MP: 1/1
   271 | D:1      | Reached skill level 3 in Axes
   271 | D:1      | Reached XP level 2. HP: 24/27 MP: 2/2
   780 | D:2      | Reached XP level 3. HP: 6/33 MP: 3/3
   902 | D:2      | Reached skill level 4 in Axes
  1021 | D:2      | Noticed Sigmund
  1026 | D:2      | Reached XP level 4. HP: 27/40 MP: 4/4
  1029 | D:2      | Killed Sigmund
  1029 | D:2      | Reached skill level 6 in Axes
  1029 | D:2      | Reached XP level 5. HP: 19/46 MP: 5/5
  1651 | D:3      | Found a faded altar of an unknown god.
  1692 | D:3      | Reached skill level 7 in Axes
  1692 | D:3      | Reached XP level 6. HP: 32/55 MP: 6/6
  1695 | D:3      | HP: 1/55 [orc priest/divine providence (13)]
  2476 | D:4      | Noticed Purgy
  2508 | D:4      | Killed Purgy
  2508 | D:4      | Reached skill level 8 in Axes
  2508 | D:4      | Reached skill level 1 in Evocations
  2508 | D:4      | Reached XP level 7. HP: 24/61 MP: 8/8
  2557 | D:4      | Noticed Robin
  2577 | D:4      | Killed Robin
  2655 | D:4      | Found a staircase to the Ecumenical Temple.
  2798 | Temple   | Entered the Ecumenical Temple
  2825 | Temple   | Became a worshipper of Makhleb the Destroyer
  2867 | D:4      | Noticed Eustachio
  2873 | D:4      | Killed Eustachio
  2873 | D:4      | Reached skill level 1 in Invocations
  3080 | D:4      | Noticed Pikel
  3092 | D:4      | Killed Pikel
  3092 | D:4      | Reached skill level 9 in Axes
  3092 | D:4      | Reached XP level 8. HP: 68/68 MP: 10/10
  3202 | D:4      | Reached skill level 10 in Axes
  3283 | D:4      | Reached skill level 5 in Evocations
  3745 | D:5      | Entered Level 5 of the Dungeon
  3851 | D:6      | Reached skill level 5 in Invocations
  3929 | D:6      | Reached * piety under Makhleb
  3939 | D:6      | Identified a scroll of acquirement
  4265 | D:6      | Found Ihat's Antique Armour Boutique.
  4269 | D:6      | Gained mutation: You passively map the area around you. [Deep Dwarf growth]
  4269 | D:6      | Reached XP level 9. HP: 58/74 MP: 12/12
  4613 | D:7      | Reached skill level 11 in Axes
  4635 | D:7      | Found a glowing golden altar of the Shining One.
  5104 | D:8      | Noticed Erica
  5109 | D:8      | Noticed Maurice
  5113 | D:8      | Killed Erica
  5113 | D:8      | Reached skill level 12 in Axes
  5113 | D:8      | Reached skill level 5 in Armour
  5115 | D:8      | HP: 2/74 [acid (12)]
  5125 | D:8      | Killed Maurice
  5125 | D:8      | Reached ** piety under Makhleb
  5126 | D:8      | Found a stormy altar of Qazlal.
  5176 | D:8      | Reached XP level 10. HP: 40/81 MP: 13/13
  5333 | D:8      | Found a staircase to the Lair.
  5364 | D:8      | Noticed a death yak
  5395 | D:8      | Killed a death yak
  6098 | D:6      | Bought a crude helmet for 304 gold pieces
  6108 | D:6      | Identified the +2 helmet "Eriqit" {rF+ rN+ Str+2 Slay-2} (You bought it in a shop on level 6 of the Dungeon)
  6181 | D:9      | Noticed a cyan ugly thing
  6259 | Lair:1   | Entered Level 1 of the Lair of Beasts
  6283 | Lair:1   | Reached skill level 13 in Axes
  6651 | Lair:1   | Noticed a spiny frog
  6670 | Lair:1   | Killed a spiny frog
  6787 | Lair:1   | Noticed a spiny frog
  6795 | Lair:1   | Killed a spiny frog
  7034 | Lair:1   | Noticed a spiny frog
  7034 | Lair:1   | Noticed a spiny frog
  7040 | Lair:1   | Killed a spiny frog
  7042 | Lair:1   | Killed a spiny frog
  7042 | Lair:1   | Reached XP level 11. HP: 62/88 MP: 15/15
  7223 | Lair:1   | Reached skill level 14 in Axes
  7422 | Lair:2   | Reached skill level 10 in Invocations
  7518 | Lair:2   | Reached *** piety under Makhleb
  7629 | Lair:2   | Found a staircase to the Snake Pit.
  7957 | Lair:2   | Slain by a centaur

Skill      XL: |  1  2  3  4  5  6  7  8  9 10 11 |
---------------+----------------------------------+-----
Axes           | 3 4 6 7 8 9 10 12 13 14 | 14.7
Evocations     | 1 4 6 |  6.5
Invocations    | 3 5 7 9 10 | 10.7
Armour         | 5 7 8 |  8.8
Fighting       | 4 |  4.1
Shields        | |  3.2

Action                   |  1- 3 |  4- 6 |  7- 9 | 10-12 || total
-------------------------+-------+-------+-------+-------++-------
Melee: War axe           |   113 |   185 |   310 |   409 ||  1017
 Fire: Hunting sling     |       |     5 |       |    10 ||    15
Throw: Stone             |       |     1 |       |       ||     1
 Abil: Evoke Berserk Rag |       |       |     4 |     2 ||     6
       Device Recharging |       |       |     2 |     3 ||     5
Evoke: Wand              |     1 |     4 |     9 |    10 ||    24
  Use: Potion            |     1 |       |       |     3 ||     4
       Scroll            |       |     4 |    10 |     2 ||    16
  Eat: Chunk             |     1 |     5 |    13 |    11 ||    30
Armor: Scale mail        |    64 |    51 |       |       ||   115
       Chain mail        |       |    48 |   151 |    47 ||   246
       Plate armour      |       |       |       |   146 ||   146
Dodge: Dodged            |    36 |    56 |   104 |   113 ||   309
Block: Shield            |    48 |   112 |    56 |    86 ||   302
